 Dungeon Crawl Stone Soup version 0.31.0-9-g3a7656b989 (webtiles) character file.

Game seed: 10562241020559670255

86 qw the Shooter (level 4, -2/25 HPs)
             Began as a Deep Elf Hunter on Feb 2, 2024.
             Slain by a goblin
             ... wielding a +0 dagger
             ... led by Robin
              (3 damage)
             ... on level 2 of the Dungeon.
             The game lasted 00:00:03 (857 turns).

qw the Shooter (Deep Elf Hunter)                     Turns: 857, Time: 00:00:04

Health: -2/25      AC:  3    Str: 10    XL:     4   Next: 27%
Magic:  6/6        EV: 12    Int: 14    God:
Gold:   48         SH:  0    Dex: 18    Spells: 3/3 levels left

rFire   . . .        a - +1 shortbow
rCold   . . .        (shield currently unavailable)
rNeg    . . .        c - +0 leather armour
rPois   .            (no helmet)
rElec   .            (no cloak)
rCorr   .            (no gloves)
SInv    .            (no boots)
Will    .....        (no amulet)
Stlth   ++           (no ring)
HPRegen 0.24/turn    (no ring)
MPRegen 0.10/turn

%: no passive effects
@: no status effects
A: no striking features
a: no special abilities


You were on level 2 of the Dungeon.
You visited 1 branch of the dungeon, and saw 2 of its levels.

You collected 48 gold pieces.


   Skills:
 - Level 1.5 Fighting
 + Level 7.7 Ranged Weapons
 - Level 2.4 Dodging
 - Level 1.2 Stealth


You had 3 spell levels left.
You didn't know any spells.
Your spell library was empty.

Inventory:

Hand Weapons
 a - a +1 shortbow (weapon)
Armour
 b - a +0 cloak
 c - a +0 leather armour (worn)
Potions
 d - a potion of enlightenment {unknown}
 e - 3 potions of curing
 g - a potion of attraction {unknown}

Dungeon Overview and Level Annotations

Branches:
Dungeon (2/15)

Altars:

Annotations:
D:2 Robin


Message History

The goblin hits you with a +0 dagger.
You shoot an arrow. The arrow hits the goblin.
You kill the goblin!
You shoot an arrow. The arrow hits the goblin.
The goblin is heavily wounded.
The hobgoblin barely misses you. The goblin completely misses you.
You shoot an arrow. The arrow hits Robin.
Robin is heavily wounded.
The hobgoblin no longer looks unusually strong.
The goblin no longer looks unusually strong.
The hobgoblin completely misses you. Robin barely misses you.
The goblin hits you with a +0 dagger.
You shoot an arrow. The arrow completely misses Robin.
The arrow closely misses the goblin.
The hobgoblin closely misses you. Robin throws the goblin at you!
The goblin hits you but does no damage. The goblin closely misses you.
You shoot an arrow. The arrow hits Robin.
Robin is severely wounded.
The hobgoblin barely misses you. Robin hits you with a +0 short sword.
The goblin hits you but does no damage. x2
You shoot an arrow. The arrow hits Robin.
Robin is almost dead.
The hobgoblin closely misses you. Robin hits you with a +0 short sword.
The goblin closely misses you. The goblin hits you with a +0 dagger.
You shoot an arrow. The arrow barely misses Robin.
The hobgoblin hits you. The goblin misses you.
The goblin hits you with a +0 dagger. x2; The goblin closely misses you.
Robin roars a battlecry!
The goblins go into a battle-frenzy!
The hobgoblin closely misses you.
You shoot an arrow.
The arrow hits Robin but does no damage.
Robin is almost dead.
The hobgoblin barely misses you. The goblin barely misses you.
Robin hits you but does no damage. The goblin hits you with a +0 club.
You shoot an arrow. The arrow barely misses Robin.
The goblin hits you with a +0 club.
The hobgoblin hits you but does no damage.
The goblin hits you with a +0 dagger.
You die...

...#...##.........#
..................#
.................#
#..###%........#
#.<<..........#
#####..########
..#. #...######
.....#####........#
.#.).g@#.....#####
.)....ggg.###.#
..######### #.##
#..# ##.# #.# #(#
#.## #..###


You could see Robin, a hobgoblin (strong) and 2 goblins.

Vanquished Creatures
  Natasha (twice) (D:2)
  A dart slug (D:1)
  An endoplasm (D:1)
  2 giant cockroaches (D:1)
  10 goblins
  5 hobgoblins (D:1)
  2 quokkas
  A bat (D:1)
  2 frilled lizards (D:1)
  4 kobolds (D:1)
  2 rats (D:1)
32 creatures vanquished.

Notes
Turn   | Place    | Note
-------+----------+-------------------------------------------
     0 | D:1      | qw the Deep Elf Hunter began the quest for the Orb.
     0 | D:1      | Reached XP level 1. HP: 12/12 MP: 3/3
     0 | D:1      | 0 ||| qw: Version: 0.3-a-155-g5e7d8dd
     0 | D:1      | 0 ||| qw: Game counter: 439
     0 | D:1      | 0 ||| qw: Melee chars always use a shield: true
     0 | D:1      | 0 ||| qw: God list: Okawaru
     0 | D:1      | 0 ||| qw: Allow faded altars: false
     0 | D:1      | 0 ||| qw: Do Orc after clearing Dungeon:15 true
     0 | D:1      | 0 ||| qw: Do second Lair branch before Depths: true
     0 | D:1      | 0 ||| qw: Lair rune preference: random
     0 | D:1      | 0 ||| qw: Goals: Normal
     0 | D:1      | 0 ||| PLANNING D:1-11
    94 | D:1      | Reached XP level 2. HP: 16/16 MP: 4/4
   102 | D:1      | Reached skill level 6 in Ranged Weapons
   656 | D:1      | 656 ||| READING scroll labelled NOKOPL PEQEELU.
   656 | D:1      | 656 ||| ENCHANTING +0 shortbow.
   657 | D:1      | 657 ||| READING scroll labelled GUYWEB ROTYCAI.
   658 | D:1      | 658 ||| DRINKING 4 fizzy dark potions.
   659 | D:1      | 659 ||| DROPPING scroll of butterflies.
   703 | D:2      | Noticed Natasha
   713 | D:2      | Killed Natasha
   714 | D:2      | Reached skill level 7 in Ranged Weapons
   714 | D:2      | Reached XP level 3. HP: 16/20 MP: 5/5
   795 | D:2      | Noticed Natasha
   800 | D:2      | Killed Natasha
   801 | D:2      | Reached XP level 4. HP: 25/25 MP: 6/6
   838 | D:2      | Noticed Robin
   856 | D:2      | HP: 3/25 [goblin/+0 club[Robin] (5)]
   857 | D:2      | HP: 1/25 [goblin/+0 club[Robin] (2)]
   857 | D:2      | Slain by a goblin

Levels and vault maps discovered:
D:1:      giann_bridges, layout_basic, minivault_26, minmay_crystal_room
D:2:      layout_rooms, uniq_robin, uniq_natasha

Skill      XL: |  1  2 |
---------------+-------+-----
Ranged Weapons | 7 |  7.7
Fighting       | |  1.5
Dodging        | |  2.4
Stealth        | |  1.2

Action                     |  1- 3 |  4- 6 || total
---------------------------+-------+-------++-------
   Fire: Shortbow          |    73 |    22 ||    95
    Use: Scroll            |     2 |       ||     2
         Potion            |     1 |       ||     1
 Armour: Leather armour    |    10 |    22 ||    32
  Dodge: Dodged            |    12 |    17 ||    29

Table legend:
 A = Non-vault XP
 B = Vault XP
 C = Vault XP percentage of total XP
 D = Non-vault monster count
 E = Vault monster count
 F = Vault count percentage of total count
                 A         B        C        D         E       F
            +---------+---------+-------+---------+---------+-------
      Total |      73 |      51 |  41.1 |      23 |       9 |  28.1
            +---------+---------+-------+---------+---------+-------
        D:1 |      35 |       0 |   0.0 |      21 |       0 |   0.0
        D:2 |      38 |      51 |  57.3 |       2 |       9 |  81.8
            +---------+---------+-------+---------+---------+-------
